 Dungeon Crawl Stone Soup version 0.18-a0-867-gfd1cc8f (webtiles) character file.

19089 4thArraOfDagon the Carver (level 12, -3/116 HPs)
             Began as a Naga Berserker on Dec 21, 2015.
             Was a Believer of Trog.
             Slain by a vampire mosquito (5 damage)
             ... on level 13 of the Dungeon.
             The game lasted 00:35:47 (5658 turns).

4thArraOfDagon the Carver (Naga Berserker)          Turns: 5658, Time: 00:35:47

Health: -3/116     AC: 20    Str: 20    XL:     12   Next: 65%
Magic:  9/17       EV:  5    Int: 15    God:    Trog [**....]
Gold:   626        SH:  0    Dex: 13    Spells: 0 memorised, 11 levels left

rFire  . . .     SeeInvis +     s - +0 great sword (protect)
rCold  . . .     Gourm    .     u - +0 plate armour
rNeg   . . .     Faith    .     (shield currently unavailable)
rPois  +         Spirit   .     (no helmet)
rElec  .         Dismiss  .     (no cloak)
rCorr  .         Reflect  .     w - +1 pair of gloves
SustAt .         Harm     .     (no barding)
MR     ++++.     Clarity  +     i - amulet of Nalac {+Rage SInv}
Stlth  ..........               (no ring)
                                k - ring of loudness

@: brilliant, regenerating, very slow, incredibly resistant to hostile
enchantments, extremely unstealthy
A: see invisible, clarity, deformed body, magic resistance 1, poison resistance,
screaming 1, slowness 2, slow metabolism 1, spit poison 2, no device heal 1,
MP-powered wands, AC +4
a: Spit Poison, Berserk, Trog's Hand, Burn Spellbooks, Renounce Religion, Evoke
Berserk Rage


You were on level 13 of the Dungeon.
You worshipped Trog.
Trog was pleased with you.
You were not hungry.

You visited 2 branches of the dungeon, and saw 15 of its levels.

You collected 626 gold pieces.

Inventory:

Hand Weapons
 s - a +0 great sword of protection (weapon)
 G - a +3 falchion
Missiles
 j - 4 javelins (quivered)
Armour
 u - a +0 plate armour (worn)
 w - a +1 pair of gloves (worn)
Magical Staves
 m - an uncursed staff of fire {unknown}
Jewellery
 h - an uncursed amulet of resist corrosion
 i - the amulet of Nalac (around neck) {+Rage SInv}
   (You took it off a gnoll sergeant on level 11 of the Dungeon)

   [amulet of rage]

   It lets you see invisible.
   It lets you go berserk.
 k - a ring of loudness (left hand)
Wands
 g - a wand of polymorph (3/24)
 x - a wand of fire (0/15)
 D - a wand of disintegration (10/24)
Scrolls
 d - 3 scrolls of enchant weapon
 l - 2 scrolls of remove curse
 p - a scroll of magic mapping
 t - 2 scrolls of fog
 C - a scroll of fear
 H - a scroll of enchant armour
Potions
 b - a potion of curing
 o - a potion of poison
 q - a potion of resistance {unknown}
 z - a potion of flight
 A - 2 potions of might
 B - a potion of mutation
Books
 e - a book of the Earth

   Spells                             Type                      Level
   a - Leda's Liquefaction            Hexes/Earth                  4
   b - Bolt of Magma                  Conjuration/Fire/Earth       5
   c - Statue Form                    Transmutation/Earth          6
   d - Iron Shot                      Conjuration/Earth            6
   e - Shatter                        Earth                        9
   Trog disapproves of the use of such an item.
 n - a book of Debilitation

   Spells                             Type                      Level
   a - Corona                         Hexes                        1
   b - Slow                           Hexes                        2
   c - Gell's Gravitas                Hexes/Translocation          3
   d - Inner Flame                    Hexes/Fire                   3
   e - Cause Fear                     Hexes                        4
   f - Leda's Liquefaction            Hexes/Earth                  4
   Trog disapproves of the use of such an item.
 y - a book of Party Tricks

   Spells                             Type                      Level
   a - Summon Butterflies             Summoning                    1
   b - Apportation                    Translocation                1
   c - Tukima's Dance                 Hexes                        3
   d - Alistair's Intoxication        Transmutation/Poison         4
   e - Invisibility                   Hexes                        6
   Trog disapproves of the use of such an item.
Miscellaneous
 F - a phial of floods (inert)
Comestibles
 a - 7 chunks of flesh
 c - 8 bread rations
 f - 3 meat rations
 v - 2 royal jellies


   Skills:
 + Level 10.0 Fighting
 * Level 13.4 Long Blades
 + Level 8.5 Armour
 - Level 1.5 Dodging
 - Level 7.6 Evocations


You had 11 spell levels left.
You didn't know any spells.

Dungeon Overview and Level Annotations

Branches:
Dungeon (14/15)              Lair (0/8) D:11            Orc (1/2) D:12
 Vaults (0/5) D:13
 Temple: D:4-7

Altars:
Kikubaaqudgha
Pakellas

Shops:
Orc:1 ?

Annotations:
D:6 M4edhros's ghost, novice OpAr
D:8 Prince Ribbit
D:13 Donald; Norris; Rupert
Orc:1 Chiseanne's ghost, journeyman VSMo; kal9871's ghost, journeyman MiGl


Innate Abilities, Weirdness & Mutations

You cannot wear boots.
Your serpentine skin is tough (AC +4).
You have supernaturally acute eyesight.
Armour fits poorly on your strangely shaped body.
Your system is resistant to poisons.
You cover ground very slowly.
You have a slow metabolism.
You can spit poison.
You possess an exceptional clarity of mind.
You are resistant to hostile enchantments.
You occasionally shout uncontrollably at your foes.
Potions and wands are less effective at restoring your health.
You expend magic power (3 MP) to strengthen your wands.


Message History

The unseen horror hits you but does no damage.
The vampire mosquito bites you.
* * * LOW HITPOINT WARNING * * *
The vampire mosquito bites you but does no damage. x2
Unknown command.
Drink which item? (? for menu, Esc to quit)
Okay, then.
Unknown command.
Read which item? (? for menu, Esc to quit)
Okay, then.
Drink which item? (? for menu, Esc to quit)
It was a potion of brilliance.
You feel clever all of a sudden. The vampire mosquito bites you.
* * * LOW HITPOINT WARNING * * *
The vampire mosquito bites you but does no damage.
The vampire mosquito bites you.
* * * LOW HITPOINT WARNING * * *
The vampire mosquito bites you.
You die... (# .yy

#...# )# #.# ###'#######
)###..# #.........#
)....######.........# #.
..........#.........#...
....#####.'....)....'.#
....# ###....>....###
....# #....yy...# ....#
######@#### #.### #p#
#.. .x# ## #'## .. ...
... ....


You could see an unseen horror (invisible), a human and 2 vampire mosquitoes.

Vanquished Creatures
  4 hill giants
  2 orc knights
  2 cyclopes (D:11)
  An orc sorcerer (D:12)
  2 ugly things
  4 manticores
  A gargoyle (D:11)
  A fire drake (D:11)
  2 centaur skeletons (D:10)
  4 trolls
  2 two-headed ogres
  Sigmund (D:3)
  A tarantella (D:13)
  A wraith (D:11)
  2 wyverns
  A hill giant zombie (D:12)
  16 yaks
  10 humans
  A hungry ghost (D:12)
  A basilisk (D:12)
  3 vampire mosquitoes (D:12)
  2 hippogriffs (D:10)
  A wolf (D:9)
  3 orc warriors
  2 wargs
  A water moccasin (D:8)
  A swamp drake (D:13)
  A wasp (D:14)
  2 phantoms
  A necrophage (D:10)
  2 ogres
  9 centaurs
  A gnoll sergeant (D:11)
  7 giant frogs
  2 wyvern skeletons
  A water moccasin zombie (D:10)
  2 scorpions
  9 killer bees (D:13)
  4 spriggan skeletons (D:10)
  A troll skeleton (D:10)
  4 wights (D:11)
  A crimson imp (D:5)
  3 centaur zombies
  A giant frog zombie (D:8)
  3 jellies
  A hound (D:10)
  6 orc priests
  A giant frog skeleton (D:13)
  10 orc wizards
  2 iguanas
  5 worker ants
  7 ogre zombies (D:12)
  A hound skeleton (D:4)
  9 adders
  11 gnolls
  2 shadow imps (D:10)
  An adder zombie (D:7)
  2 worms
  3 giant geckos
  23 orcs
  4 bats
  2 giant cockroaches
  3 goblins
  4 hobgoblins
  13 jackals
  A giant gecko zombie (D:7)
  3 giant newts
  A goblin skeleton (D:12)
  4 goblin zombies (D:12)
  A hobgoblin skeleton (D:12)
  3 hobgoblin zombies (D:12)
  A jackal skeleton (D:6)
  2 orc skeletons (D:12)
  14 orc zombies (D:12)
  5 quokkas
  3 rats
  A fungus (D:2)
275 creatures vanquished.

Vanquished Creatures (collateral kills)
  2 orc warriors (D:12)
  An ice beast (D:14)
  6 centaurs (D:14)
  An orc (D:12)
10 creatures vanquished.

Vanquished Creatures (others)
  A wight (D:6)
  A quokka (D:6)
2 creatures vanquished.

Grand Total: 287 creatures vanquished

Notes
Turn   | Place    | Note
--------------------------------------------------------------
     0 | D:1      | 4thArraOfDagon the Naga Berserker began the quest for the Orb.
     0 | D:1      | Reached XP level 1. HP: 21/21 MP: 1/1
    49 | D:1      | Reached XP level 2. HP: 10/28 MP: 2/2
   222 | D:1      | Reached XP level 3. HP: 21/34 MP: 3/3
   329 | D:2      | Reached ** piety under Trog
   502 | D:3      | Reached skill level 4 in Long Blades
   531 | D:3      | Reached XP level 4. HP: 42/42 MP: 4/4
   642 | D:3      | Noticed Sigmund
   651 | D:3      | Killed Sigmund
   651 | D:3      | Reached skill level 5 in Long Blades
   651 | D:3      | Reached XP level 5. HP: 50/50 MP: 5/5
   651 | D:3      | Reached XP level 6. HP: 57/57 MP: 6/6
   981 | D:5      | Entered Level 5 of the Dungeon
   987 | D:5      | Found an ancient bone altar of Kikubaaqudgha.
  1238 | D:6      | Reached *** piety under Trog
  1238 | D:6      | Reached XP level 7. HP: 66/66 MP: 7/7
  1271 | D:6      | Noticed M4edhros's ghost (novice OpAr)
  1357 | D:6      | Reached skill level 6 in Long Blades
  1408 | D:6      | Reached skill level 1 in Evocations
  1610 | D:7      | Noticed a two-headed ogre
  1619 | D:7      | Killed a two-headed ogre
  1619 | D:7      | Reached skill level 5 in Fighting
  1619 | D:7      | Reached XP level 8. HP: 37/74 MP: 9/9
  1843 | D:9      | Reached skill level 7 in Long Blades
  2095 | D:8      | Reached skill level 8 in Long Blades
  2095 | D:8      | Reached XP level 9. HP: 11/82 MP: 11/11
  2107 | D:8      | Noticed Prince Ribbit
  2270 | D:10     | Entered Level 10 of the Dungeon
  2271 | D:10     | Noticed a hill giant
  2277 | D:10     | Killed a hill giant
  2277 | D:10     | Reached skill level 5 in Armour
  2447 | D:10     | Reached skill level 9 in Long Blades
  2482 | D:10     | Reached skill level 5 in Evocations
  2482 | D:10     | Reached XP level 10. HP: 34/94 MP: 13/13
  2607 | D:11     | Noticed a seven-headed hydra
  2671 | D:10     | Noticed a hill giant
  2684 | D:10     | Killed a hill giant
  2733 | D:10     | Reached skill level 10 in Long Blades
  3150 | D:11     | Noticed a hill giant
  3161 | D:11     | Killed a hill giant
  3183 | D:11     | Noticed a hill giant
  3201 | D:11     | Killed a hill giant
  3203 | D:11     | Noticed an orc knight
  3264 | D:10     | Killed an orc knight
  3264 | D:10     | Reached XP level 11. HP: 83/103 MP: 15/15
  3321 | D:11     | Reached skill level 11 in Long Blades
  3435 | D:11     | HP: 5/104 [wyvern (10)]
  3478 | D:11     | Found a staircase to the Lair.
  3688 | D:11     | Got a vibrating platinum amulet
  3696 | D:11     | Identified the amulet of Nalac {+Rage SInv} (You took it off a gnoll sergeant on level 11 of the Dungeon)
  4027 | D:12     | Reached skill level 12 in Long Blades
  4148 | D:13     | Found a gate to the Vaults.
  4148 | D:13     | Noticed Donald
  4148 | D:13     | Noticed Rupert
  4148 | D:13     | Noticed Norris
  4458 | D:12     | Reached XP level 12. HP: 89/114 MP: 17/17
  4532 | D:12     | Found a staircase to the Orcish Mines.
  4578 | Orc:1    | Entered Level 1 of the Orcish Mines
  4578 | Orc:1    | Found Wyshes's Magic Scroll Boutique.
  4578 | Orc:1    | Noticed Chiseanne's ghost (journeyman VSMo)
  4578 | Orc:1    | Noticed kal9871's ghost (journeyman MiGl)
  4897 | D:12     | Found an oddly glowing altar of Pakellas.
  5231 | D:13     | Reached skill level 13 in Long Blades
  5237 | D:13     | Gained mutation: You are resistant to hostile enchantments. [mutagenic meat]
  5238 | D:13     | Gained mutation: You expend magic power (3 MP) to strengthen your wands. [mutagenic meat]
  5239 | D:13     | Gained mutation: You occasionally shout uncontrollably at your foes. [mutagenic meat]
  5240 | D:13     | Gained mutation: Potions and wands are less effective at restoring your health. [mutagenic meat]
  5524 | D:14     | Reached skill level 10 in Fighting
  5657 | D:13     | Gained mutation: You possess an exceptional clarity of mind. [potion of mutation]
  5658 | D:13     | HP: 5/116 [vampire mosquito (6)]
  5658 | D:13     | HP: 2/116 [vampire mosquito (3)]
  5658 | D:13     | Slain by a vampire mosquito

Vault maps used:
D:1:      dpeg_arrival_simpleton_c, minmay_misc_feat_rows, minivault_25
D:2:      minmay_gold_behind_fungi, minivault_26
D:3:      nemelex_altar_shiori, uniq_sigmund
D:4:      nicolae_gozag_cash_rules_everything_around_me, ashenzari_altar_1,
          minmay_temple_entry_mist, minmay_misc_feat_enclosed
D:5:      lemuel_crystal_altar, first_bread, hangedman_decor_clover_reticule
D:6:      elyvilon_altar_4, grunt_ministairs_14
D:7:      kennysheep_mini_moat, serial_glass, glass_columns_b, glass_columns_b,
          glass_columns_a, glass_columns_a
D:8:      gammafunk_temple_overflow_forgotten, uniq_prince_ribbit1
D:9:      boulder_corridor_run, uniq_maurice, uniq_joseph, uniq_grum
D:10:     hangedman_tell_no_tales
D:11:     minmay_lair_entry_lava, portal_ice_cave_entry_pillars_02,
          minmay_diamond_spiral
D:12:     zombieorc2_lemuel, grunt_pakellas_salt
D:13:     david_vaults_3, special_room
D:14:     kennysheep_cross_room, minmay_misc_feat_tiny
Orc:1:    serial_shops, shop, shop, shop, basic_altar, david_defended_altar_orc

Action                   |  1- 3 |  4- 6 |  7- 9 | 10-12 || total
-------------------------+-------+-------+-------+-------++-------
Melee: Falchion          |    64 |    66 |   288 |   214 ||   632
       Great sword       |       |       |       |   546 ||   546
Invok: Berserk           |     4 |     7 |    12 |    31 ||    54
       Trog's Hand       |       |       |    10 |    47 ||    57
       Burn Spellbooks   |       |       |       |     1 ||     1
 Abil: Spit Poison       |    33 |    13 |    26 |    16 ||    88
Evoke: Wand              |       |       |       |    10 ||    10
       Phial of floods   |       |       |       |     1 ||     1
  Use: Scroll            |       |       |    14 |    10 ||    24
       Potion            |       |       |       |     9 ||     9
  Eat: Chunk             |     5 |     9 |    18 |    49 ||    81
       Beef jerky        |       |       |       |     2 ||     2
       Fruit             |       |       |       |     3 ||     3
       Royal jelly       |       |       |       |     2 ||     2
